Map: Ephemeron LE

Players

Astrea

  • Race: Protoss Protoss
  • Spawn Location: 11:00

TIME (Oliveira) - Winner!

  • Race: Terran Terran
  • Spawn Location: 5:00

VOD

Have the link to the VOD?

Description

Time

  • Played on: Sept. 7, 2019, 4:55 p.m.
  • Length: 8:06
Show
View Real Time Build Order
Export as new Build Order

Astrea Protoss 

Build Orders: 1 Gate Expand, Double Forge, Blink Stalkers 

Get SALT Encoding   

  12  0:00  Probe  
  13  0:12  Probe  
  14  0:17  Pylon  
  14  0:23  Probe  
  15  0:31  Probe  
  15  0:37  Gateway  
  15  0:40  Probe  
  16  0:45  Assimilator  
  17  0:51  Probe  
  18  1:03  Probe  
  19  1:15  Probe  
  20  1:22  Nexus  
  20  1:32  Cybernetics Core  
  20  1:36  Probe  
  21  1:42  Assimilator  
  21  1:48  Probe  
  21  1:52  Pylon  
  22  2:00  Probe, Adept  
  23  2:08  Probe  
  23  2:09  Warp Gate  
  26  2:16  Probe  
  27  2:28  Probe  
  28  2:30  Stalker  
  28  2:35  Probe  
  31  2:37  Twilight Council  
  31  2:40  Probe  
  32  2:44  Blink  
  32  2:47  Probe  
  33  2:52  Probe  
  34  2:59  Probe  
  34  3:00  Stalker  
  34  3:04  Probe  
  38  3:11  Probe  
  39  3:16  Probe  
  40  3:23  Probe, Robotics Facility  
  41  3:28  Probe  
  41  3:31  Stalker  
  41  3:34  Pylon  
  44  3:35  Probe  
  44  3:40  Probe  
  46  3:43  Gateway  
  46  3:46  Gateway  
  46  3:52  Probe x2  
  48  3:56  Pylon  
  48  3:59  Assimilator  
  48  4:04  Probe x2  
  50  4:11  Observer  
  50  4:13  Stalker  
  50  4:17  Probe  
  55  4:18  Pylon  
  55  4:21  Nexus  
  55  4:23  Warp Prism  
  54  4:29  Probe  
  54  4:30  Probe  
  56  4:37  Stalker  
  60  4:40  Stalker  
  60  4:42  Probe  
  60  4:43  Probe  
  64  4:47  Pylon  
  64  4:57  Forge  
  64  4:58  Forge  
  64  4:59  Observer  
  65  5:00  Charge  
  65  5:03  Stalker  
  65  5:05  Sentry  
  69  5:10  Probe x2  
  71  5:18  Observer  
  71  5:22  Probe x2  
  74  5:31  Protoss Ground Armor Level 1, Protoss Ground Weapons Level 1  
  74  5:34  Probe x2  
  76  5:44  Stalker x2  
  76  5:47  Probe  
  78  5:55  Probe  
  72  6:03  Stalker  
  66  6:13  Stalker  
  67  6:20  Stalker  
  69  6:27  Probe  
  69  6:32  Probe  
  70  6:44  Pylon  
  70  6:45  Pylon  
  70  6:46  Pylon  
  69  6:48  Observer  
  68  6:57  Immortal  
  64  7:02  Probe x2  
  64  7:03  Stalker x3  
  76  7:10  Nexus  
  76  7:14  Probe x2  
  78  7:27  Pylon, Probe x2  
  80  7:31  Zealot x3  
  86  7:40  Pylon  
  86  7:41  Pylon  
  86  7:45  Probe x2  
  86  7:51  Zealot x3  
Show
View Real Time Build Order
Export as new Build Order

TIME Terran - Winner!

Build Orders: Reaper Expand, Banshee Rush 

Get SALT Encoding   

  12  0:02  SCV  
  13  0:14  SCV  
  13  0:19  Supply Depot  
  14  0:27  SCV  
  15  0:40  SCV  
  15  0:41  Barracks  
  16  0:45  Refinery  
  16  0:52  SCV  
  17  1:04  SCV  
  18  1:17  SCV  
  19  1:28  Reaper  
  19  1:29  Orbital Command  
  20  1:42  Command Center  
  20  1:49  Supply Depot  
  20  1:54  SCV  
  20  2:00  Marine  
  22  2:06  SCV  
  23  2:10  Factory  
  23  2:14  Refinery  
  23  2:19  SCV  
  24  2:24  Barracks Reactor  
  24  2:31  SCV  
  25  2:43  SCV  
  26  2:53  Widow Mine  
  26  2:54  Starport  
  26  2:55  Orbital Command, SCV  
  29  3:01  Marine x2  
  31  3:07  SCV  
  32  3:15  Factory Tech Lab  
  32  3:19  SCV, Marine x2  
  35  3:22  SCV  
  36  3:30  Supply Depot  
  36  3:31  SCV  
  37  3:34  SCV  
  37  3:36  Cloaking Field  
  37  3:38  Marine x2  
  37  3:40  Banshee, Factory Tech Lab  
  43  3:43  SCV  
  43  3:46  SCV  
  45  3:48  Supply Depot  
  45  3:55  SCV  
  45  3:58  SCV  
  45  4:02  Marine x2  
  49  4:03  Supply Depot, Siege Tank  
  49  4:07  SCV  
  53  4:10  SCV  
  54  4:20  Marine x2, SCV  
  54  4:22  Barracks  
  54  4:23  Banshee  
  60  4:25  SCV  
  60  4:26  Supply Depot  
  61  4:33  Barracks  
  61  4:35  SCV  
  62  4:40  Engineering Bay  
  62  4:42  Refinery  
  62  4:43  SCV  
  63  4:47  Siege Tank  
  63  4:49  SCV  
  63  4:52  Supply Depot  
  67  4:54  Marine x2  
  67  4:58  SCV  
  70  5:02  Supply Depot  
  70  5:08  SCV  
  70  5:09  Terran Infantry Weapons Level 1  
  70  5:12  Marine x2, SCV  
  74  5:20  Refinery  
  74  5:23  SCV  
  74  5:27  Stimpack  
  74  5:28  Marine, Starport Reactor  
  75  5:30  Marine x2  
  75  5:32  SCV  
  75  5:34  Barracks Tech Lab  
  79  5:35  SCV  
  79  5:36  Supply Depot  
  79  5:42  Siege Tank  
  83  5:46  Marine  
  83  5:48  Marine x2  
  80  5:59  Marauder  
  80  6:00  Bunker, SCV  
  80  6:03  Bunker  
  80  6:04  Bunker, Marine  
  83  6:06  SCV, Marine x2  
  83  6:08  Supply Depot  
  84  6:17  Siege Tank  
  87  6:19  Medivac x2  
  87  6:20  Marine, SCV  
  87  6:22  Marauder  
  87  6:23  Marine  
  96  6:26  Marine  
  96  6:29  SCV  
  93  6:38  Marauder  
  95  6:40  Combat Shield  
  95  6:41  Command Center, Marine  
  95  6:46  Marauder, Marine  
  99  6:49  Siege Tank  
  102  6:59  Marine  
  102  7:00  Marauder  
  105  7:03  Barracks, Marine  
  105  7:05  SCV  
  105  7:06  Barracks  
  107  7:09  Marine  
  106  7:19  Marine  
  106  7:21  Marauder, Marine  
  102  7:26  Siege Tank  
  102  7:28  Marauder  
  106  7:30  Medivac x2  
  106  7:32  SCV  
  106  7:33  SCV  
  106  7:37  Marine  
  110  7:44  Supply Depot x2  
  110  7:47  Marine  
  108  7:53  Barracks Tech Lab, Barracks Reactor  
Tags
 
Add a new tag
Caveats
  • Supply blocks, unpowered buildings, or Contaminate may cause inaccurate times.
  • Supply counts are checked every 10 seconds.